Workbook

Sheet PostTransSettings
B1: 1 | C1: Txt: CompanyName
A6: X | B6: 1 | C6: Txt: FirstTime
A12: 2000 | B12: 2 | C12: Num: Max Transaction rows
B13: 1 | C13: Txt: CompanyPATH
B14: 1 | C14: Txt: CompanyCode
A15: TRUE | B15: 3 | C15: Chk: Write Company name into CuDelName/SuDelName
B17: 1 | C17: Txt: Email-Always CC
A18: Your Order REF | B18: 1 | C18: Txt: Email-Subject
A19: Please find attached your sales order REF | B19: 1 | C19: Txt: Email-Body
B20: 1 | C20: Txt: Default Printer
A23: TRUE | B23: 3 | C23: Chk: Write Company name into CuName/SuName
A24: TRUE | B24: 3 | C24: Chk: Write Company name into THDelName
A26: 30 | B26: 2 | C26: Num: Data starts at row
A31: FALSE | B31: 3 | C31: Chk: Import: Enable File Import Button
B38: 1 | C38: Txt: Printing:Sales Quote Layout
B39: 1 | C39: Txt: Printing:Sales Order Layout
B40: 1 | C40: Txt: Printing:Sales Invoice Layout
B41: 1 | C41: Txt: Printing:Purchase Order Layout
A50: FALSE | B50: 3 | C50: Chk: Don't Delete Row after delete record

Sheet Sales
B1: Inter-Company Transfer
B3: Date: | C3: 42658 | E3: Read blog article on this
B4: Trans Type: | C4: SO, Sales Order
B5: Account Code: | C5: A1D001, A1 Design Services
B6: Company Code: | C6: DEMO01, Demonstration Data | D6: Purchase: | E6: PRAC01, Practice Data
D7: Acc: | E7: SUP001
D8: In Sheet: | E8: Purchase
B15: Tip:This area is for the Transaction header values. These are accessed from the under the 'Header' Tab on the Tags Pane --->
C16: Tip:You should watch the training video, also available using the [Help] button, which explains all...
B18: Tip:The cursor can be made to follow a path by going into [setup], 'Lookup' tab and recording the cell movement.
B20: Tip:Tags beginning with 'TH' can put in this header section, for single transactions.
C21: Or placed in row 28 to specify in data rows.
B24: Tip:Unwanted rows can be hiddden, or grouped, use help to find the topic on this
B25: So grouping can hide the Tags in row 28. Putting and 'X' in row 26 will cause the column to be cleared when [Clear] button is pressed. Any other value is copied down the sheet, including formula.
A27: X | B27: X | C27: X | D27: 0 | E27: X | F27: 0 | G27: 0 | H27: 0 | I27: 0 | J27: 0 | K27: 0
A28: TLPosted | B28: TLProduct^ | C28: TLDesc | D28: TLQty^ | E28: TLUnitPrice^ | F28: TLDiscPerc^ | G28: TLTotNet | H28: TLTotCost | I28: TLTaxAmount | J28: PrQtyFree | K28: PrCostPrice
A29: Status | B29: Product | C29: Description | D29: Qty | E29: Unit Price | F29: Disc % | G29: TotNet | H29: TotCost | I29: Tax Amount | J29: Qty Free | K29: Cost Price
B30: KEY001 | C30: Standard Keyboard | D30: 5 | E30: 18 | G30: 0 | H30: 52.5 | I30: 18 | J30: 41 | K30: 10.5
B31: CALC001 | C31: Calculator - Desktop | D31: 6 | E31: 10 | G31: 0 | H31: 42 | I31: 12 | J31: 0 | K31: 7
B32: CDR002 | C32: CDR10432 Read/Write CD Drive | D32: 4 | E32: 190 | G32: 0 | H32: 640 | I32: 152 | J32: 1 | K32: 160
B33: DISK001 | C33: Diskettes - Formatted (1.44MB) | D33: 3 | E33: 2.85 | G33: 8.55 | H33: 3 | I33: 1.71 | J33: 36 | K33: 1

Sheet Purchase
B1: Inter-Company Transfer
B3: Date: | C3: =Sales!C3 -> 42658 | E3: Read blog article on this
B4: Trans Type: | C4: PO, Purchase Order | E4: This sheet referances the "Sales" sheet
B5: Account Code: | C5: =Sales!E7 -> SUP001
B6: Company Code: | C6: =Sales!E6 -> PRAC01, Practice Data
B7: Next Sheet: | C7: Sales
B15: Tip:This area is for the Transaction header values. These are accessed from the under the 'Header' Tab on the Tags Pane --->
C16: Tip:You should watch the training video, also available using the [Help] button, which explains all...
B18: Tip:The cursor can be made to follow a path by going into [setup], 'Lookup' tab and recording the cell movement.
B20: Tip:Tags beginning with 'TH' can put in this header section, for single transactions.
C21: Or placed in row 28 to specify in data rows.
B24: Tip:Unwanted rows can be hiddden, or grouped, use help to find the topic on this
B25: So grouping can hide the Tags in row 28. Putting and 'X' in row 26 will cause the column to be cleared when [Clear] button is pressed. Any other value is copied down the sheet, including formula.
A27: X
A28: TLPosted | B28: TLProduct^ | C28: TLDesc | D28: TLQty^ | E28: TLUnitPrice^
A29: Status | B29: Product | C29: Description | D29: Qty | E29: Cost
B30: =IF(Sales!B30<>"",Sales!B30,"") -> KEY001 | C30: =IF(Sales!C30<>"",Sales!C30,"") -> Standard Keyboard | D30: =IF(Sales!D30<>"",Sales!D30,"") -> 5 | E30: =IF(Sales!E30<>"",Sales!K30,"") -> 10.5
B31: =IF(Sales!B31<>"",Sales!B31,"") -> CALC001 | C31: =IF(Sales!C31<>"",Sales!C31,"") -> Calculator - Desktop | D31: =IF(Sales!D31<>"",Sales!D31,"") -> 6 | E31: =IF(Sales!E31<>"",Sales!K31,"") -> 7
B32: =IF(Sales!B32<>"",Sales!B32,"") -> CDR002 | C32: =IF(Sales!C32<>"",Sales!C32,"") -> CDR10432 Read/Write CD Drive | D32: =IF(Sales!D32<>"",Sales!D32,"") -> 4 | E32: =IF(Sales!E32<>"",Sales!K32,"") -> 160
B33: =IF(Sales!B33<>"",Sales!B33,"") -> DISK001 | C33: =IF(Sales!C33<>"",Sales!C33,"") -> Diskettes - Formatted (1.44MB) | D33: =IF(Sales!D33<>"",Sales!D33,"") -> 3 | E33: =IF(Sales!E33<>"",Sales!K33,"") -> 1
B34: =IF(Sales!B34<>"",Sales!B34,"") | C34: =IF(Sales!C34<>"",Sales!C34,"") | D34: =IF(Sales!D34<>"",Sales!D34,"") | E34: =IF(Sales!E34<>"",Sales!K34,"")
B35: =IF(Sales!B35<>"",Sales!B35,"") | C35: =IF(Sales!C35<>"",Sales!C35,"") | D35: =IF(Sales!D35<>"",Sales!D35,"") | E35: =IF(Sales!E35<>"",Sales!K35,"")
B36: =IF(Sales!B36<>"",Sales!B36,"") | C36: =IF(Sales!C36<>"",Sales!C36,"") | D36: =IF(Sales!D36<>"",Sales!D36,"") | E36: =IF(Sales!E36<>"",Sales!K36,"")
B37: =IF(Sales!B37<>"",Sales!B37,"") | C37: =IF(Sales!C37<>"",Sales!C37,"") | D37: =IF(Sales!D37<>"",Sales!D37,"") | E37: =IF(Sales!E37<>"",Sales!K37,"")
B38: =IF(Sales!B38<>"",Sales!B38,"") | C38: =IF(Sales!C38<>"",Sales!C38,"") | D38: =IF(Sales!D38<>"",Sales!D38,"") | E38: =IF(Sales!E38<>"",Sales!K38,"")
B39: =IF(Sales!B39<>"",Sales!B39,"") | C39: =IF(Sales!C39<>"",Sales!C39,"") | D39: =IF(Sales!D39<>"",Sales!D39,"") | E39: =IF(Sales!E39<>"",Sales!K39,"")
B40: =IF(Sales!B40<>"",Sales!B40,"") | C40: =IF(Sales!C40<>"",Sales!C40,"") | D40: =IF(Sales!D40<>"",Sales!D40,"") | E40: =IF(Sales!E40<>"",Sales!K40,"")
B41: =IF(Sales!B41<>"",Sales!B41,"") | C41: =IF(Sales!C41<>"",Sales!C41,"") | D41: =IF(Sales!D41<>"",Sales!D41,"") | E41: =IF(Sales!E41<>"",Sales!K41,"")
... B103: =IF(Sales!B103<>"",Sales!B103,"") | C103: =IF(Sales!C103<>"",Sales!C103,"") | D103: =IF(Sales!D103<>"",Sales!D103,"") | E103: =IF(Sales!E103<>"",Sales!K103,"")
